 Dungeon Crawl Stone Soup version 0.23.2-40-g277498a001 (webtiles) character file.

Game seed: 4954566133080352174

359 BinkBink the Poker (level 6, -8/48 HPs)
             Began as a Human Berserker on Sept 6, 2019.
             Was a Believer of Trog.
             Splashed by a jelly's acid (10 damage)
             ... on level 3 of the Dungeon.
             The game lasted 00:08:21 (2196 turns).

BinkBink the Poker (Human Berserker)                Turns: 2196, Time: 00:08:22

Health: -8/48      AC:  0    Str: 19    XL:     6   Next: 97%
Magic:  6/6        EV:  6    Int:  8    God:    Trog [**....]
Gold:   162        SH: 12    Dex: 12    Spells: 5/5 levels left

rFire    . . .     SeeInvis .   k - +3 dagger
rCold    . . .     Gourm    .   g - +0 shield
rNeg     . . .     Faith    .   r - +0 chain mail
rPois    .         Spirit   .   e - +0 helmet
rElec    .         Reflect  +   (no cloak)
rCorr    .         Harm     .   m - +0 pair of gloves
MR       ++...                  (no boots)
Stlth    ..........             j - +3 amulet of reflection
HPRegen  1.16/turn              (no ring)
MPRegen  0.10/turn              (no ring)

@: corroded, regenerating
A: no striking features
a: Berserk, Trog's Hand, Renounce Religion


You were on level 3 of the Dungeon.
You worshipped Trog.
Trog was pleased with you.
You were very hungry.

You visited 1 branch of the dungeon, and saw 3 of its levels.

You collected 162 gold pieces.

Inventory:

Hand Weapons
 a - a +0 spear
 k - a +3 dagger (weapon)
Armour
 e - a +0 helmet (worn)
 g - a +0 shield (worn)
 m - a +0 pair of gloves (worn)
 r - a +0 chain mail (worn)
Jewellery
 h - a +5 ring of strength {unknown}
 j - a +3 amulet of reflection (around neck)
Scrolls
 f - 4 scrolls of identify {unknown}
 i - 2 scrolls of immolation {unknown}
 s - a scroll of remove curse {unknown}
Potions
 b - a potion of cancellation {unknown}
 d - a potion of curing {unknown}
 l - a potion of resistance {unknown}
 n - a potion of lignification {unknown}
 o - 2 potions of might {unknown}
 p - a potion of invisibility {unknown}
 q - a potion of ambrosia {unknown}
Comestibles
 c - 4 rations


   Skills:
 + Level 3.7 Fighting
 + Level 2.4 Short Blades
 + Level 3.8 Polearms
 + Level 3.3 Armour
 + Level 2.9 Dodging
 + Level 0.7 Stealth
 + Level 2.9 Shields


You had 5 spell levels left.
You didn't know any spells.
Your spell library contained the following spells:

 Spells                   Type           Power        Failure   Level  Hunger
 Corona                   Hex            #......      100%        1    ##.....
 Ensorcelled Hibernation  Hex/Ice        #.....       100%        2    ###....
 Confuse                  Hex            #.......     100%        3    ####...
 Dazzling Spray           Conj/Hex       #.....       100%        3    ####...
 Tukima's Dance           Hex            #.......     100%        3    ####...


Dungeon Overview and Level Annotations

Branches:
Dungeon (3/15)

Altars:


Message History

The jelly is heavily wounded.
The jelly hits you.
You are splashed with acid.
You hit the jelly but do no damage. The acid corrodes you!
Your hands burn!
The jelly is heavily wounded.
You block the jelly's attack.
You hit the jelly but do no damage.
Your hands burn!
* * * LOW HITPOINT WARNING * * *
The jelly is heavily wounded.
The jelly hits you.
* * * LOW HITPOINT WARNING * * *
You are splashed with acid!
* * * LOW HITPOINT WARNING * * *
Unknown command.
Your skin crawls.
You feel resistant to hostile enchantments.
You are feeling very hungry.
The jelly hits you.
* * * LOW HITPOINT WARNING * * *
You are splashed with acid!
You die...

#.........# #.........#
........######
......^....#######
#..##......#....#
######.##...........#
.............<.# ....#
.........J...).# ....#
..........@.(..##....#
##..##...#.....#.....#
..#..##...##.#.........##
.#..#...#...###..#.....#
..........# #...####.#
###...##..#.# #.#.. #.##
.##..###..#.####.##..
#..#
.##.......#......###.
##.#
.#..††###..<.......#. #.#


You could see a jelly.

Vanquished Creatures
  Grinder (D:3)
  Terence (D:2)
  Robin (D:2)
  4 adders
  3 dart slugs (D:1)
  5 leopard geckos
  4 giant cockroaches
  15 goblins
  8 hobgoblins
  5 jackals
  5 bats
  6 frilled lizards
  9 kobolds
  6 rats
73 creatures vanquished.

Notes
Turn   | Place    | Note
-------+----------+-------------------------------------------
     0 | D:1      | BinkBink the Human Berserker began the quest for the Orb.
     0 | D:1      | Reached XP level 1. HP: 18/18 MP: 1/1
    30 | D:1      | Reached XP level 2. HP: 13/24 MP: 2/2
   370 | D:1      | Reached XP level 3. HP: 20/29 MP: 3/3
  1180 | D:2      | Reached ** piety under Trog
  1242 | D:2      | Reached XP level 4. HP: 30/35 MP: 4/4
  1319 | D:2      | Noticed Terence
  1354 | D:2      | Killed Terence
  1408 | D:2      | Noticed Robin
  1442 | D:2      | Killed Robin
  1442 | D:2      | Reached skill level 1 in Shields
  1442 | D:2      | Reached XP level 5. HP: 29/41 MP: 5/5
  1447 | D:2      | Reached skill level 1 in Short Blades
  1894 | D:3      | Noticed Grinder
  1951 | D:3      | Paralysed by Grinder for 5 turns
  1959 | D:3      | Killed Grinder
  1959 | D:3      | Reached XP level 6. HP: 14/48 MP: 6/6
  2196 | D:3      | HP: 2/48 [jelly (3)]
  2196 | D:3      | Splashed by a jelly's acid

Skill      XL: |  1  2  3  4  5 |
---------------+----------------+-----
Shields        | 1 2 |  2.9
Short Blades   | 2 |  2.4
Armour         | 3 |  3.3
Fighting       | |  3.7
Polearms       | |  3.8
Dodging        | |  2.9
Stealth        | |  0.7

Action                   |  1- 3 |  4- 6 || total
-------------------------+-------+-------++-------
Melee: Spear             |    93 |       ||    93
       Dagger            |    40 |   179 ||   219
Invok: Trog's Hand       |       |     6 ||     6
       Berserk           |       |     3 ||     3
  Use: Potion            |       |     1 ||     1
 Stab: Sleeping          |     1 |       ||     1
  Eat: Chunk             |     1 |     4 ||     5
       Ration            |       |     1 ||     1
Armor: Animal skin       |     5 |       ||     5
       Leather armour    |    28 |     3 ||    31
       Chain mail        |       |    94 ||    94
Dodge: Dodged            |    63 |    45 ||   108
Block: Shield            |    45 |   123 ||   168
       Reflection        |       |     1 ||     1
